 Dungeon Crawl Stone Soup version 0.24-a0-355-gbe4061de67 (console) character file.

Game seed: 12699601689530021067

5917 Voker57 the Fighter (level 10, -8/73 HPs)
             Began as a Demonspawn Monk on May 24, 2019.
             Was a Priest of Hepliaklqana.
             Mangled by a tentacled starspawn (27 damage)
             ... on level 2 of the Abyss.
             The game lasted 00:16:58 (9297 turns).

Voker57 the Fighter (Demonspawn Monk)               Turns: 9297, Time: 00:16:59

Health: -8/73      AC: 21    Str: 12 (15) XL:     10   Next: 53%
Magic:  10/10      EV: 10    Int: 12 (15) God:    Hepliaklqana [***...]
Gold:   915        SH:  0    Dex: 25 (31) Spells: 9/9 levels left

rFire    + + .     SeeInvis +   f - +8 whip "Udolu" {protect, rF+ Int+4}
rCold    . . .     Gourm    .   (no shield)
rNeg     . . .     Faith    .   u - +1 chain mail of the Blessed Realm {Dex+4} (curse)
rPois    .         Spirit   .   (no helmet)
rElec    .         Reflect  .   (no cloak)
rCorr    .         Harm     .   (no gloves)
MR       .....                  (no boots)
Stlth    ..........             (no amulet)
HPRegen  0.22/turn              g - +6 ring of dexterity
MPRegen  0.12/turn              e - ring of Tisat {Str+3 SInv}

@: about to teleport, protection aura, hasted, very quick
A: reduced essence, talons 2, iridescent scales 1, agile 1, fire resistance 1,
foul stench 1, shaggy fur 1, wild magic 1, rot immunity
a: Recall Ancestor, Ancestor Identity, Transference, Renounce Religion


You were on level 2 of the Abyss.
You worshipped Hepliaklqana.
Hepliaklqana was most pleased with you.
You were not hungry.

You visited 2 branches of the dungeon, and saw 10 of its levels.
You visited the Abyss 1 time.

You collected 915 gold pieces.

Inventory:

Hand Weapons
 a - a +2 falchion
 f - the +8 whip "Udolu" (weapon) {protect, rF+ Int+4}
   (You found it on level 5 of the Dungeon)

   It grants its wielder temporary protection when it strikes (+7 to AC).
   It affects your intelligence (+4).
   It protects you from fire.
 o - a +0 dagger
 q - a +4 dagger
Armour
 b - a +1 robe
 m - a +0 scale mail of positive energy
 u - the cursed +1 chain mail of the Blessed Realm (worn) {Dex+4}
   (You found it on level 5 of the Dungeon)

   It affects your dexterity (+4).
   It has a curse placed upon it.
 x - a +0 chain mail of cold resistance
Jewellery
 e - the ring of Tisat (right hand) {Str+3 SInv}
   (You acquired it on level 2 of the Abyss)

   [ring of see invisible]

   It affects your strength (+3).
   It lets you see invisible.
 g - a +6 ring of dexterity (left hand)
 h - an uncursed ring of magical power
 s - an uncursed ring of ice {unknown}
 t - an uncursed ring of resist corrosion {unknown}
Wands
 y - a wand of digging (2)
 A - a wand of iceblast (12)
 H - a wand of flame (16)
Scrolls
 i - a scroll of enchant armour
 j - 4 scrolls of identify
 k - 2 scrolls of magic mapping
 l - 3 scrolls of amnesia
 p - 3 scrolls of remove curse
Potions
 d - a potion of mutation
 r - 3 potions of flight
 w - 2 potions of magic
 z - 2 potions of brilliance
 G - a potion of haste
Miscellaneous
 F - a crystal ball of energy
Comestibles
 c - 15 rations


   Skills:
 + Level 8.5 Fighting
 - Level 2.6 Long Blades
 * Level 8.1 Maces & Flails
 + Level 5.9 Armour
 + Level 7.7 Dodging
 - Level 2.9 Stealth


You had 9 spell levels left.
You didn't know any spells.
Your spell library contained the following spells:

 Spells                   Type           Power        Failure   Level  Hunger
 Animate Skeleton         Necr           N/A          100%        1    ##.....
 Apportation              Tloc           #.....       100%        1    ##.....
 Confusing Touch          Hex            #.....       100%        1    ##.....
 Summon Small Mammal      Summ           #...         100%        1    ##.....


Dungeon Overview and Level Annotations

Branches:
Dungeon (9/15)             Temple (1/1) D:7
   Lair: D:8-11         Orc: D:9-12

Altars:
Ashenzari
Cheibriados
Dithmenos
Elyvilon
Gozag
Hepliaklqana
Makhleb
Nemelex Xobeh
Okawaru
Qazlal
Ru
Trog
Uskayaw
Vehumet
Wu Jian
Xom
Yredelemnul
Zin

Annotations:
D:3 1 runed translucent door, Crazy Yiuf, Sigmund
D:9 Psyche


Innate Abilities, Weirdness & Mutations

You have razor-sharp toenails.
You are partially covered in iridescent scales. (AC +2)
You may emit foul miasma when damaged in melee.
You are immune to rotting.
Your life essence is reduced to manifest your ancestor. (-10% HP)
You are agile. (Dex +2)
Your flesh is heat resistant. (rF+)
You are covered in fur. (AC +1)
Your spells are a little harder to cast, but a little more powerful.


Message History

* * * LOW HITPOINT WARNING * * *
You feel better.
You feel better.
The tentacled starspawn closely misses you.
The tentacled starspawn misses you.
You hit the tentacled starspawn.
Your weapon exudes an aura of protection.
You claw the tentacled starspawn.
The tentacled starspawn is moderately damaged.
You whack the tentacled starspawn!
You claw the tentacled starspawn, but do no damage.
The tentacled starspawn is heavily damaged.
The tentacled starspawn bites you!
* * * LOW HITPOINT WARNING * * *
The tentacled starspawn engulfs you but does no damage.
You feel better.
You whack the tentacled starspawn!
The tentacled starspawn is heavily damaged.
The tentacled starspawn bites you!!
You die...

.. . # . #.. .
. # ## # #
.##.. . ### #
# .... .. .# .
###..#. # ## #
#@##.. .# #. #
##Xw#.##. .##
#.w.#.#.#.##.X
##.### # #.
### .. ... ...
.. . .... #F.
#


You could see a tentacled starspawn and 2 starspawn tentacles.

Vanquished Creatures
  Pikel (D:9)
  The ghost of Borbor the Shield-Bearer, a novice GrFi (D:4)
  Grinder (D:4)
  Eustachio (D:4)
  A human (D:8)
  A hog (D:8)
  A slave (D:9)
  A small abomination (Abyss:2)
  Duvessa (D:4)
  An ice beast (D:6)
  A phantom (D:7)
  2 sky beasts
  An eye of draining (D:9)
  4 ogres
  3 centaurs
  2 bullfrogs
  Dowan (D:4)
  2 scorpions (D:3)
  2 killer bees (D:9)
  A wight (D:7)
  4 howler monkeys
  4 crimson imps
  A quasit (D:8)
  2 hounds
  3 jellies
  An orc priest (D:8)
  A bullfrog skeleton (D:6)
  2 iguanas
  An orc wizard (D:9)
  Ijyb (D:4)
  5 worker ants
  Natasha (D:2)
  Terence (D:2)
  A hound zombie (D:6)
  A worker ant zombie (D:9)
  2 gnolls (D:8)
  13 adders
  2 shadow imps
  An adder skeleton (D:6)
  3 worms
  2 dart slugs
  3 leopard geckos
  12 orcs
  A ball python (D:1)
  4 bats
  3 giant cockroaches (D:1)
  5 goblins
  6 hobgoblins
  4 jackals
  5 quokkas
  5 frilled lizards
  7 kobolds
  A leopard gecko skeleton (D:4)
  A leopard gecko zombie (D:8)
  5 rats
143 creatures vanquished.

Vanquished Creatures (collateral kills)
  A vampire (D:9)
  3 hogs (D:8)
  A hungry ghost (D:8)
  A water moccasin (D:9)
  An orc warrior (D:8)
  2 slaves (D:9)
  An ice beast (D:9)
  A sky beast (D:8)
  A crocodile (D:8)
  A big kobold (D:8)
  2 bullfrogs
  A wyvern zombie (D:8)
  A scorpion (D:8)
  2 wights (D:7)
  A bullfrog zombie (D:7)
  A hound (D:9)
  2 orc priests
  6 orc wizards
  A worker ant (D:9)
  An adder (D:9)
  A gnoll (D:8)
  A leopard gecko (D:9)
  2 orcs (D:8)
  A kobold (D:8)
  A quokka skeleton (D:8)
37 creatures vanquished.

Vanquished Creatures (others)
  A slave (D:9)
  A battlemage (D:9)
  4 starspawn tentacles (Abyss:2)
6 creatures vanquished.

Grand Total: 186 creatures vanquished

Notes
Turn   | Place    | Note
-------+----------+-------------------------------------------
     0 | D:1      | Voker57 the Demonspawn Monk began the quest for the Orb.
     0 | D:1      | Reached XP level 1. HP: 18/18 MP: 1/1
   411 | D:1      | Gained mutation: You are partially covered in iridescent
                  | scales. (AC +2) [demonic ancestry]
   411 | D:1      | Reached XP level 2. HP: 24/24 MP: 2/2
  1141 | D:2      | Noticed Terence
  1843 | D:2      | Gained mutation: You are immune to rotting. [demonic
                  | ancestry]
  1843 | D:2      | Reached XP level 3. HP: 18/29 MP: 3/3
  2062 | D:2      | Found a glowing silver altar of Zin.
  2307 | D:2      | Killed Terence
  2307 | D:2      | Gained mutation: You may emit foul miasma when damaged in
                  | melee. [demonic ancestry]
  2307 | D:2      | Reached XP level 4. HP: 14/37 MP: 4/4
  2636 | D:2      | Found a snail-covered altar of Cheibriados.
  2684 | D:2      | Noticed Natasha
  2697 | D:2      | Killed Natasha
  2754 | D:3      | Reached XP level 5. HP: 19/43 MP: 5/5
  2895 | D:3      | Found a shimmering altar of Xom.
  3016 | D:3      | Reached skill level 5 in Fighting
  3172 | D:3      | Noticed Sigmund
  3174 | D:3      | You fall into a shaft and drop 1 floor!
  3410 | D:3      | Found a runed translucent door.
  3411 | D:3      | Noticed Crazy Yiuf
  3660 | D:3      | You fall into a shaft and drop 3 floors!
  3677 | D:5      | Entered Level 5 of the Dungeon
  3714 | D:5      | Noticed a centaur
  3736 | D:5      | Killed a centaur
  3736 | D:5      | Gained mutation: You have sharp toenails. [demonic
                  | ancestry]
  3736 | D:5      | Reached XP level 6. HP: 18/51 MP: 6/6
  4011 | D:5      | Got a dazzling chain mail
  4012 | D:5      | Identified the cursed +1 chain mail of the Blessed Realm
                  | {Dex+4} (You found it on level 5 of the Dungeon)
  4173 | D:5      | Reached skill level 5 in Dodging
  4308 | D:5      | Reached skill level 1 in Armour
  4308 | D:5      | Gained mutation: You have razor-sharp toenails. [demonic
                  | ancestry]
  4308 | D:5      | Reached XP level 7. HP: 26/56 MP: 7/7
  4792 | D:5      | Got a polished whip
  4793 | D:5      | Identified the +8 whip "Udolu" {protect, rF+ Int+4} (You
                  | found it on level 5 of the Dungeon)
  4919 | D:4      | Noticed Dowan
  4920 | D:4      | Noticed Duvessa
  4933 | D:4      | Killed Duvessa
  4933 | D:4      | Reached skill level 1 in Maces & Flails
  4940 | D:4      | Killed Dowan
  5060 | D:4      | Noticed Grinder
  5066 | D:4      | Killed Grinder
  5077 | D:4      | Noticed Eustachio
  5094 | D:4      | Killed Eustachio
  5094 | D:4      | Reached XP level 8. HP: 63/64 MP: 8/8
  5136 | D:4      | Found a runed translucent door.
  5137 | D:4      | Noticed Borbor's ghost (novice GrFi)
  5170 | D:4      | Killed Borbor's ghost
  5426 | D:4      | Found an opulent altar of Gozag.
  5426 | D:4      | Noticed Ijyb
  5433 | D:4      | Killed Ijyb
  6370 | D:7      | Found a staircase to the Ecumenical Temple.
  6481 | Temple   | Entered the Ecumenical Temple
  6686 | Temple   | Became a worshipper of Hepliaklqana the Forgotten
  6686 | Temple   | Reached * piety under Hepliaklqana
  6686 | Temple   | Reached ** piety under Hepliaklqana
  6687 | Temple   | Remembered your ancestor Zulima as a battlemage
  7009 | D:7      | Reached skill level 5 in Maces & Flails
  7009 | D:7      | Reached XP level 9. HP: 64/64 MP: 6/9
  7880 | D:8      | Reached skill level 5 in Armour
  7886 | D:8      | Reached XP level 10. HP: 32/72 MP: 10/10
  8335 | D:9      | Noticed Pikel
  8363 | D:9      | Killed Pikel
  8504 | D:9      | Reached *** piety under Hepliaklqana
  8535 | D:9      | Gained mutation: You are agile. (Dex +2) [potion of
                  | mutation]
  8535 | D:9      | Gained mutation: You are covered in fur. (AC +1) [potion of
                  | mutation]
  8535 | D:9      | Gained mutation: Your spells are a little harder to cast,
                  | but a little more powerful. [potion of mutation]
  8535 | D:9      | Gained mutation: Your flesh is heat resistant. (rF+)
                  | [potion of mutation]
  8873 | D:9      | Noticed Psyche
  8875 | D:9      | Cast into level 2 of the Abyss (Psyche)
  8948 | Abyss:2  | Noticed a deep elf demonologist
  9041 | Abyss:2  | Noticed a worldbinder
  9055 | Abyss:2  | Noticed a vault sentinel
  9058 | Abyss:2  | Found a corrupted altar of Lugonu.
  9120 | Abyss:2  | Noticed a large abomination
  9127 | Abyss:2  | Noticed a large abomination
  9130 | Abyss:2  | Noticed a tentacled starspawn
  9160 | Abyss:2  | Noticed a tentacled starspawn
  9255 | Abyss:2  | Noticed a tentacled starspawn
  9286 | Abyss:2  | Identified a scroll of acquirement
  9287 | Abyss:2  | Got a transparent jade ring
  9288 | Abyss:2  | Identified the ring of Tisat {Str+3 SInv} (You acquired it
                  | on level 2 of the Abyss)
  9290 | Abyss:2  | HP: 1/73 [tentacled starspawn (23)]
  9297 | Abyss:2  | Mangled by a tentacled starspawn

Levels and vault maps discovered:
D:1:      psy_arrival_radial01, layout_loops_corners
D:2:      layout_basic, cheibriados_altar_1, zin_academy, uniq_natasha,
          uniq_terence
D:3:      minmay_inner_zag, layout_basic, xom_teletrap_fun, lemuel_round_altar,
          minmay_misc_feat_enclosed, uniq_sigmund, uniq_crazy_yiuf_cottage
D:4:      layout_basic, gammafunk_ghost_grave, first_ration,
          grunt_gozag_statues, uniq_duvessa, uniq_grinder, uniq_ijyb,
          uniq_eustachio
D:5:      layout_cave_pods, lightli_corner_chamber
D:6:      layout_loops_ring
D:7:      layout_basic, minmay_temple_entry_gardened_gates
D:8:      layout_basic, grunt_livestock, minmay_misc_feat_five
D:9:      minmay_polygon_palace, layout_rooms,
          grunt_temple_overflow_growth_and_decay, led_sif_pool,
          lair_entry_dummy, serial_bayou_pond_b, nrook_uturn, uniq_pikel,
          uniq_psyche
Temple:   regret_index_temple_generic_petals
Abyss:2

Skill      XL: |  1  2  3  4  5  6  7  8  9 10 |
---------------+-------------------------------+-----
Dodging        | 3 4 5 6 7 |  7.7
Fighting       | 4 5 6 7 8 |  8.5
Stealth        | 2 |  2.9
Armour         | 1 2 3 5 |  5.9
Maces & Flails | 3 5 7 8 |  8.1
Long Blades    | |  2.6

Action                   |  1- 3 |  4- 6 |  7- 9 | 10-12 || total
-------------------------+-------+-------+-------+-------++-------
Melee: Falchion          |   102 |    93 |     1 |       ||   196
       Dagger            |       |    26 |       |       ||    26
       Kick              |       |    17 |   111 |    53 ||   181
       Whip              |       |       |   249 |   135 ||   384
Invok: Recall Ancestor   |       |       |     1 |       ||     1
       Ancestor Life: Ba |       |       |     1 |       ||     1
Evoke: Wand              |       |       |       |     1 ||     1
  Use: Scroll            |     6 |     2 |     4 |     8 ||    20
       Potion            |     3 |     1 |       |    14 ||    18
 Stab: Sleeping          |     5 |     2 |       |       ||     7
       Distracted        |       |       |     1 |     1 ||     2
  Eat: Ration            |     1 |       |     1 |     1 ||     3
       Chunk             |       |     8 |     8 |     3 ||    19
Armor: Robe              |    21 |    11 |       |       ||    32
       Chain mail        |       |    18 |   158 |   137 ||   313
       Skin              |       |       |       |     2 ||     2
Dodge: Dodged            |    72 |    90 |   108 |    81 ||   351
       Rpst.: Falchion   |    33 |    29 |       |       ||    62

Table legend:
 A = Non-vault XP
 B = Vault XP
 C = Vault XP percentage of total XP
 D = Non-vault monster count
 E = Vault monster count
 F = Vault count percentage of total count
                 A         B        C        D         E       F
            +---------+---------+-------+---------+---------+-------
      Total |    4834 |    3620 |  42.8 |     139 |      38 |  21.5
            +---------+---------+-------+---------+---------+-------
        D:1 |      35 |       0 |   0.0 |      20 |       0 |   0.0
        D:2 |      45 |      67 |  59.8 |      12 |       2 |  14.3
        D:3 |     127 |      80 |  38.6 |      11 |       6 |  35.3
        D:4 |      90 |    1089 |  92.4 |       8 |       6 |  42.9
        D:5 |     422 |       0 |   0.0 |       8 |       0 |   0.0
        D:6 |     523 |       0 |   0.0 |      11 |       0 |   0.0
        D:7 |     792 |       0 |   0.0 |      12 |       0 |   0.0
        D:8 |    1585 |    1032 |  39.4 |      37 |       6 |  14.0
        D:9 |     953 |    1352 |  58.7 |      18 |      18 |  50.0
    Abyss:2 |     262 |       0 |   0.0 |       2 |       0 |   0.0
            +---------+---------+-------+---------+---------+-------
